AoeStats
← Marian

Arabia

509917074Analyzed
1v1 RM · 3d ago on Sep 28, 2026· 27m 30s· 2 players
Game mode
Random Map
Map size
Tiny (2 player)
Population
200
Speed
Normal
Resources
Standard
Victory
Conquest
Starting age
Dark Age
Ending age
Imperial Age
RankedLock teamsTeams togetherTeam positionsShared explorationLock speedFull tech treeHidden civsTurbo modeCheats
Victory
Defeat
🇷🇴 Magyars · Romania
562
+16
🇷🇺 Khmer · Russia
552
-16
5nleonid
8:42 Loom
13:29 Feudal Age
15:51 Horse Collar
16:20 Man-at-Arms
Marian
11:30 Feudal Age
11:52 Man-at-Arms
15:31 Horse Collar
19:27 Double-Bit Axe
24:16 Castle Age
27:58 Fletching
Connection lost

Rejoining the realm…

Still unreachable

The connection could not be restored.

Session expired

The server has moved on; the page needs a fresh start.